 Dungeon Crawl Stone Soup version 0.23-a0-416-g33f1def (webtiles) character file.

69 pitterpatterwater the Skirmisher (level 4, -13/41 HPs)
             Began as a Minotaur Berserker on Nov 9, 2018.
             Was a Believer of Trog.
             Mangled by a gnoll
             ... wielding a +2 halberd of freezing
              (14 damage)
             ... on level 3 of the Dungeon.
             The game lasted 00:05:50 (1288 turns).

pitterpatterwater the Skirmisher (MiBe)             Turns: 1288, Time: 00:05:51

Health: -13/41     AC:  9    Str: 23    XL:     4   Next: 2%
Magic:  3/3        EV:  9    Int:  4    God:    Trog [**....]
Gold:   228        SH:  0    Dex:  9    Spells: 3/3 levels left

rFire    . . .     SeeInvis .   h - +0 hand axe (elec)
rCold    . . .     Gourm    .   (no shield)
rNeg     . . .     Faith    .   g - +0 chain mail
rPois    .         Spirit   .   (helmet restricted)
rElec    .         Reflect  .   (no cloak)
rCorr    .         Harm     .   (no gloves)
MR       .....                  (no boots)
Stlth    ..........             (no amulet)
HPRegen  0.13/turn              (no ring)
MPRegen  0.08/turn              (no ring)

@: lethally poisoned (-13 -> -14)
A: retaliatory headbutt, horns 2
a: Berserk, Trog's Hand, Renounce Religion


You were on level 3 of the Dungeon.
You worshipped Trog.
Trog was pleased with you.
You were not hungry.

You visited 1 branch of the dungeon, and saw 3 of its levels.

You collected 228 gold pieces.

Inventory:

Hand Weapons
 a - a +0 mace
 h - a +0 hand axe of electrocution (weapon)
Armour
 d - a +0 helmet
 g - a +0 chain mail (worn)
Jewellery
 f - an uncursed amulet of regeneration {unknown}
Scrolls
 e - 2 scrolls of teleportation
 i - a scroll of enchant weapon
 n - 2 scrolls of amnesia
Potions
 b - a potion of heal wounds {unknown}
 j - a potion of ambrosia {unknown}
 k - a potion of curing {unknown}
 m - a potion of might {unknown}
 q - a potion of haste {unknown}
Comestibles
 c - 5 rations


   Skills:
 + Level 4.3 Fighting
 + Level 1.9(3.1) Axes
 - Level 3.6(3.9) Maces & Flails
 + Level 3.3 Armour
 + Level 3.0 Dodging


You had 3 spell levels left.
You didn't know any spells.
Your spell library was empty.

Dungeon Overview and Level Annotations

Branches:
Dungeon (3/15)

Altars:
Ashenzari
Okawaru
Ru


Innate Abilities, Weirdness & Mutations

You reflexively headbutt those who attack you in melee.
You have a pair of horns on your head.


Message History

You closely miss the orc wizard. Your headbutt misses the orc wizard.
You closely miss the gnoll.
You feel sick. The gnoll misses you. The orc wizard casts a spell at you.
The magic dart hits you!
* * * LOW HITPOINT WARNING * * *
The gnoll closely misses you. You furiously retaliate!
You headbutt the gnoll. You closely miss the orc wizard.
Your headbutt misses the orc wizard. You hit the gnoll but do no damage.
The gnoll barely misses you.
The orc wizard hits you but does no damage.
The gnoll hits you but does no damage.
You hit the orc wizard.
You headbutt the orc wizard, but do no damage.
The orc wizard is moderately wounded.
You hit the gnoll but do no damage. The gnoll hits you but does no damage.
The orc wizard barely misses you. The gnoll hits you but does no damage.
You barely miss the orc wizard. You headbutt the orc wizard!
The orc wizard is almost dead.
Your chain mail prevents you from hitting the gnoll.
The gnoll hits you from afar with a +2 halberd of freezing!
You die...

### ######
..# #g>
.(# #g#o#
#.#
#@#####.#
##))....#
#####..#
#..#
#..#######
#.<.......
##........
##.######
.#


You could see an orc wizard and 2 gnolls.

Vanquished Creatures
  2 gnolls (D:3)
  An adder (D:2)
  2 worms (D:2)
  4 orcs (D:3)
  2 giant cockroaches (D:2)
  5 goblins (D:2)
  3 hobgoblins (D:2)
  2 jackals (D:2)
  A frilled lizard (D:2)
  6 kobolds
  4 rats
32 creatures vanquished.

Notes
Turn   | Place    | Note
-------+----------+-------------------------------------------
     0 | D:1      | pitterpatterwater the Minotaur Berserker began the quest
                  | for the Orb.
     0 | D:1      | Reached XP level 1. HP: 19/19 MP: 0/0
    25 | D:1      | Found an iron altar of Okawaru.
   720 | D:2      | Reached XP level 2. HP: 18/27 MP: 1/1
   744 | D:2      | Reached skill level 1 in Axes
   791 | D:2      | Reached skill level 4 in Fighting
   858 | D:2      | Reached XP level 3. HP: 22/33 MP: 2/2
   881 | D:2      | Found a shattered altar of Ashenzari.
   988 | D:2      | Reached ** piety under Trog
  1153 | D:2      | Found a sacrificial altar of Ru.
  1280 | D:3      | Reached XP level 4. HP: 17/41 MP: 3/3
  1285 | D:3      | HP: 1/41 [orc wizard/magic dart (12)]
  1288 | D:3      | Mangled by a gnoll

Vault maps used:
D:1:      dpeg_arrival_stonehenge_12_columns, serial_park_tiny_pond,
          chequers_serial_rivers_large_a, minmay_liquid_box,
          okawaru_ov_weapons_minmay
D:2:      lemuel_round_altar, nicolae_overflow_hidden_temple,
          nicolae_ru_path_of_blood
D:3:      gup_sewer_entry_glass, gammafunk_ghost_nasty_kobolds,
          minmay_misc_feat_x, evilmike_ruin_ashenzari

Skill      XL: |  1  2  3 |
---------------+----------+-----
Axes           | 1 |  1.9
Fighting       | 4 |  4.3
Armour         | 3 |  3.3
Dodging        | 3 |  3.0
Maces & Flails | |  3.6

Action                   |  1- 3 |  4- 6 || total
-------------------------+-------+-------++-------
Melee: Hand axe          |    57 |     7 ||    64
       Mace              |     2 |       ||     2
       Headbutt          |     6 |     2 ||     8
  Use: Scroll            |     5 |       ||     5
  Eat: Chunk             |     1 |       ||     1
Armor: Chain mail        |    33 |     6 ||    39
Dodge: Dodged            |    22 |     5 ||    27

Table legend:
 A = Non-vault XP
 B = Vault XP
 C = Vault XP percentage of total XP
 D = Non-vault monster count
 E = Vault monster count
 F = Vault count percentage of total count
                 A         B        C        D         E       F
            +---------+---------+-------+---------+---------+-------
      Total |      99 |       0 |   0.0 |      32 |       0 |   0.0
            +---------+---------+-------+---------+---------+-------
        D:1 |       2 |       0 |   0.0 |       2 |       0 |   0.0
        D:2 |      56 |       0 |   0.0 |      23 |       0 |   0.0
        D:3 |      41 |       0 |   0.0 |       7 |       0 |   0.0
            +---------+---------+-------+---------+---------+-------
